AoeStats
← FORE_PoLiCe

Arabia

510350594Analyzed
2v2 RM · 21h ago on Sep 30, 2026· 50m 18s· 4 players
Game mode
Random Map
Map size
Medium (4 player)
Population
200
Speed
Normal
Resources
Standard
Victory
Conquest
Starting age
Dark Age
Ending age
Imperial Age
RankedLock teamsTeams togetherTeam positionsShared explorationLock speedFull tech treeHidden civsTurbo modeCheats
Victory
Defeat
🇮🇳 Huns · India
1233
+12
🇮🇳 Khmer · India
1034
+20
🇪🇸 Inca · Spain
1136
-16
🇫🇮 Mongols · Finland
1126
-16
Kisu Kissanen
10:29 Feudal Age
8:48 Loom
10:36 Feudal Age
18:08 Castle Age
16:53 Double-Bit Axe
18:40 Bloodlines
21:57 Husbandry
23:22 Fletching
24:44 Padded Archer Armor
25:12 Bow Saw
32:07 Wheelbarrow
33:49 Bodkin Arrow
33:46 Horse Collar
36:03 Thumb Ring
40:11 Imperial Age
38:53 Gold Mining
40:02 Hand Cart
41:16 Conscription
41:16 Leather Archer Armor
41:42 Gold Shaft Mining
41:41 Capped Ram
44:34 Arson
mcriano22
7:31 Loom
9:59 Feudal Age
10:02 Champi Runner
10:34 Double-Bit Axe
14:02 Town Watch
15:44 Arson
17:13 Horse Collar
23:42 Wheelbarrow
26:01 Fletching
26:43 Scale Mail Armor
26:59 Stone Mining
27:42 Forging
31:59 Castle Age
31:56 Gold Mining
32:41 Bodkin Arrow
32:50 Squires
32:12 Champi Warrior
33:31 Bow Saw
33:51 Chain Mail Armor
34:12 Iron Casting
39:27 Imperial Age
37:16 Heavy Plow
40:27 Fabric Shields
40:48 Treadmill Crane
41:07 Murder Holes
42:24 Crop Rotation
43:06 Plate Mail Armor
44:19 Blast Furnace
44:19 Elite Champi Warrior
45:36 Ballistics
47:41 Conscription
48:19 Gold Shaft Mining
47:46 Bracer
48:47 Stone Shaft Mining
48:24 Guard Tower
48:20 Arrowslits
FORE_PoLiCe
11:16 Feudal Age
12:52 Bloodlines
26:17 Scale Barding Armor
32:46 Double-Bit Axe
32:57 Gold Mining
32:52 Horse Collar
34:12 Forging
34:08 Stone Mining
38:08 Castle Age
41:51 Wheelbarrow
41:02 Loom
43:55 Chain Barding Armor
44:10 Iron Casting
43:50 Bow Saw
49:01 Husbandry
Fore_Ruthless
6:43 Loom
9:03 Feudal Age
9:54 Double-Bit Axe
9:50 Horse Collar
15:51 Wheelbarrow
16:12 Bloodlines
20:19 Castle Age
18:53 Fletching
20:15 Padded Archer Armor
21:00 Bodkin Arrow
21:30 Bow Saw
21:55 Husbandry
22:46 Ballistics
26:38 Thumb Ring
26:49 Leather Archer Armor
36:12 Imperial Age
34:09 Scale Barding Armor
34:15 Forging
35:41 Chain Barding Armor
36:38 Iron Casting
37:41 Plate Barding Armor
37:32 Conscription
37:50 Capped Ram
40:05 Blast Furnace
40:27 Bracer
40:21 Elite Tarkan
41:42 Gold Mining
41:42 Stone Mining
Connection lost

Rejoining the realm…

Still unreachable

The connection could not be restored.

Session expired

The server has moved on; the page needs a fresh start.